 Dungeon Crawl Stone Soup version 0.23.2 (webtiles) character file.

Game seed: 2422421046099130783

1330 Borgoz the Ducker (level 8, -3/57 HPs)
             Began as a Ghoul Enchanter on Apr 4, 2019.
             Was a Follower of Ashenzari.
             Slain by a wight
             ... wielding a +1 battleaxe
              (6 damage)
             ... on level 5 of the Dungeon.
             The game lasted 00:10:58 (5880 turns).

Borgoz the Ducker (Ghoul Enchanter)                 Turns: 5880, Time: 00:10:58

Health: -3/57      AC: 12    Str: 17    XL:     8   Next: 60%
Magic:  9/9        EV:  7    Int: 15    God:    Ashenzari [*.....]
Gold:   401        SH:  0    Dex: 11    Spells: 9/10 levels left

rFire    . . .     SeeInvis .   a - +1 dagger (venom)
rCold    + . .     Gourm    .   (no shield)
rNeg     + + +     Faith    .   c - +0 plate armour
rPois    ∞         Spirit   .   (no helmet)
rElec    .         Reflect  .   o - scarf {repulsion}
rCorr    .         Harm     .   (no gloves)
MR       .....                  (no boots)
Stlth    ..........             (no amulet)
HPRegen  0.00/turn              (no ring)
MPRegen  0.11/turn              (no ring)

@: mighty, brilliant, rotting, repel missiles
A: rotting body, claws 1, carnivore, cold resistance 1, negative energy
resistance 3, inhibited regeneration, torment resistance, unbreathing
a: Curse Item, Scrying, Renounce Religion


You were on level 5 of the Dungeon.
You worshipped Ashenzari.
Ashenzari was aware of your devotion.
You were not hungry.

You visited 2 branches of the dungeon, and saw 6 of its levels.

You collected 401 gold pieces.

Inventory:

Hand Weapons
 a - a +1 dagger of venom (weapon)
 l - a +0 dagger of speed
Missiles
 f - 2 tomahawks of dispersal (quivered)
Armour
 c - a +0 plate armour (worn)
 o - a scarf of repulsion (worn)
Wands
 t - a wand of digging (2)
Scrolls
 b - 6 scrolls of remove curse
 e - 2 scrolls of amnesia
 g - a scroll of noise {unknown}
 h - 3 scrolls of enchant armour {unknown}
 i - 2 scrolls of fear
 j - 2 scrolls of random uselessness {unknown}
 k - 3 scrolls of teleportation
 m - a scroll of magic mapping
 n - a scroll of immolation {unknown}
 p - a scroll of identify
Potions
 s - a potion of brilliance
Comestibles
 d - 10 rations


   Skills:
 + Level 5.3 Short Blades
 + Level 5.1 Armour
 + Level 5.6 Dodging
 - Level 3.2 Stealth
 - Level 1.7 Spellcasting
 - Level 2.4 Hexes


You had 9 spell levels left.
You knew the following spells:

 Your Spells              Type           Power        Failure   Level  Hunger
a - Corona                Hex            ###....      32%         1    ##.....

Your spell library contained the following spells:

 Spells                   Type           Power        Failure   Level  Hunger
 Ensorcelled Hibernation  Hex/Ice        ##....       58%         2    ###....
 Magic Dart               Conj           ##..         61%         1    ##.....
 Confuse                  Hex            ###.....     65%         3    ####...
 Tukima's Dance           Hex            ###.....     65%         3    ####...
 Searing Ray              Conj           ##....       73%         2    ###....
 Dazzling Spray           Conj/Hex       ##....       78%         3    ####...
 Fulminant Prism          Conj/Hex       ##........   98%         4    #####..
 Force Lance              Conj/Tloc      ##......     99%         4    #####..
 Iskenderun's Mystic Bla  Conj           ##......     99%         4    #####..


Dungeon Overview and Level Annotations

Branches:
Dungeon (5/15)             Temple (1/1) D:5

Altars:
Ashenzari
Cheibriados
Dithmenos
Fedhas
Gozag
Hepliaklqana
Makhleb
Nemelex Xobeh
Okawaru
Qazlal
Ru
Sif Muna
Trog
Uskayaw
Vehumet
Wu Jian
Xom
Zin
The Shining One

Shops:
D:4 ?


Innate Abilities, Weirdness & Mutations

Your body is rotting away.
You thrive on raw meat.
You are immune to poison.
You have sharp fingernails.
You are carnivorous and can eat meat at any time.
Your flesh is cold resistant. (rC+)
You are immune to negative energy. (rN+++)
You do not regenerate when monsters are visible.
You are immune to unholy pain and torment.
You can survive without breathing.


Message History

The wight hits you but does no damage. The wight hits you with a +1 battleaxe!
* * * LOW HITPOINT WARNING * * *
You barely miss the wight.
The wight is heavily damaged.
The wight hits you but does no damage.
You feel better. The wight barely misses you.
The wight hits you from afar with a cursed +3 trident.
* * * LOW HITPOINT WARNING * * *
It was a potion of brilliance.
You feel clever all of a sudden. The wight hits you with a +1 battleaxe.
* * * LOW HITPOINT WARNING * * *
You hit the wight.
The wight is severely damaged.
The wight hits you from afar with a cursed +3 trident.
* * * LOW HITPOINT WARNING * * *
Your plate armour prevents you from hitting the wight.
The wight is severely damaged.
The wight hits you with a +1 battleaxe.
You die...

#######.# #........###
#).........# #..#####.#.#
#..# #.#.# ##..# #†#.#
.z.# #.#.# ####z## #.#.#
#.[.@.####.#.#
#.....)....#.#
#.....######.# ######
####### #.# ####....# #.#
..≈≈≈...## #.# .≈≈§§≈...#
#.# ≈§≈≈≈§≈#.#.# #.#
§§≈>§§≈#.#.#############.#


You could see 2 wights.

Vanquished Creatures
  A necrophage (D:3)
  A sky beast (D:5)
  3 centaurs (D:5)
  A big kobold (D:4)
  A scorpion (D:5)
  3 wights (D:5)
  3 crimson imps
  2 hounds
  A centaur skeleton (D:4)
  An orc priest (D:4)
  2 iguanas (D:5)
  3 orc wizards
  5 worker ants
  8 adders
  An ooze (D:2)
  3 worms
  4 dart slugs
  3 leopard geckos
  9 orcs
  3 ball pythons
  7 giant cockroaches
  9 goblins
  9 hobgoblins
  7 jackals (D:1)
  26 kobolds
  3 quokkas
  3 bats (D:1)
  6 frilled lizards
  A quokka skeleton (D:3)
  4 rats
  7 plants (D:4)
140 creatures vanquished.

Vanquished Creatures (others)
  A plant (D:4)
1 creature vanquished.

Grand Total: 141 creatures vanquished

Notes
Turn   | Place    | Note
-------+----------+-------------------------------------------
     0 | D:1      | Borgoz the Ghoul Enchanter began the quest for the Orb.
     0 | D:1      | Reached XP level 1. HP: 14/14 MP: 2/2
    19 | D:1      | Reached skill level 1 in Short Blades
   138 | D:1      | Reached XP level 2. HP: 10/20 MP: 3/3
   266 | D:1      | Reached skill level 1 in Armour
   731 | D:1      | Reached XP level 3. HP: 7/26 MP: 4/4
  1356 | D:2      | Reached XP level 4. HP: 31/33 MP: 5/5
  1631 | D:2      | Found a shattered altar of Ashenzari.
  1871 | D:2      | Became a worshipper of Ashenzari the Shackled
  2337 | D:3      | Reached XP level 5. HP: 7/38 MP: 6/6
  2338 | D:3      | HP: 1/38 [orc wizard/magic dart (6)]
  2470 | D:3      | Noticed a necrophage
  2501 | D:3      | Killed a necrophage
  2501 | D:3      | Reached XP level 6. HP: 26/45 MP: 7/7
  3075 | D:4      | Found Fastraeso's Magic Scroll Emporium.
  3282 | D:4      | Reached XP level 7. HP: 24/50 MP: 8/8
  3545 | D:4      | Got the cursed whip of Launoap {slash, rPois MR- Str+8}
  3547 | D:4      | Identified the cursed +1 whip of Launoap {slash, rPois MR-
                  | Str+8} (You found it on level 4 of the Dungeon)
  3667 | D:4      | Reached * piety under Ashenzari
  4449 | D:5      | Entered Level 5 of the Dungeon
  5135 | D:5      | Found a staircase to the Ecumenical Temple.
  5203 | Temple   | Entered the Ecumenical Temple
  5207 | Temple   | Reached XP level 8. HP: 31/54 MP: 9/9
  5415 | D:5      | Reached skill level 5 in Dodging
  5485 | D:5      | Found a blossoming altar of Fedhas.
  5610 | D:5      | Reached skill level 5 in Short Blades
  5744 | D:5      | Reached skill level 5 in Armour
  5880 | D:5      | Slain by a wight

Skill      XL: |  1  2  3  4  5  6  7  8 |
---------------+-------------------------+-----
Short Blades   | 1 2 3 4 5 |  5.3
Dodging        | 2 3 4 5 |  5.6
Armour         | 1 2 3 4 5 |  5.1
Stealth        | |  3.2
Spellcasting   | |  1.7
Hexes          | |  2.4

Action                   |  1- 3 |  4- 6 |  7- 9 || total
-------------------------+-------+-------+-------++-------
Melee: Dagger            |   267 |   291 |   133 ||   691
       Whip              |       |       |   472 ||   472
  Use: Potion            |     2 |     2 |     3 ||     7
       Scroll            |       |     4 |     2 ||     6
 Stab: Sleeping          |     2 |       |       ||     2
       Invisible         |       |     3 |       ||     3
  Eat: Chunk             |    16 |    16 |    12 ||    44
Armor: Plate armour      |   266 |   178 |   234 ||   678
Dodge: Dodged            |    28 |    38 |   112 ||   178
       Deflected         |       |       |     9 ||     9
